 Dungeon Crawl Stone Soup version 0.27-a0-1202-ge72e49191c (webtiles) character file.

Game seed: 5844041096218412308

1190 polve the Spear-Bearer (level 8, -2/96 HPs)
             Began as a Demonspawn Berserker on June 2, 2021.
             Was a Priest of Trog.
             Killed by divine providence
             ... invoked by an orc priest
              (9 damage)
             ... on level 8 of the Dungeon.
             The game lasted 00:05:29 (5202 turns).

polve the Spear-Bearer (Demonspawn Berserker)       Turns: 5202, Time: 00:05:30

Health: -2/96      AC: 24    Str: 20    XL:     8   Next: 20%
Magic:  8/8        EV:  2    Int:  9    God:    Trog [***...]
Gold:   298        SH:  0    Dex: 12    Spells: 7/7 levels left

rFire    . . .     SeeInvis .   (no weapon)
rCold    . . .     Faith    .   (no shield)
rNeg     + + +     Spirit   .   (armour currently unavailable)
rPois    +         Reflect  .   (helmet currently unavailable)
rElec    .         Harm     .   (cloak currently unavailable)
rCorr    .         Rampage  .   (gloves currently unavailable)
Will     .....     NoTele   +   (boots currently unavailable)
Stlth    +.........             (no amulet)
HPRegen  0.26/turn              (no ring)
MPRegen  0.11/turn              (no ring)

@: tree-form, on berserk cooldown, slowed, very slow
A: stationary, stasis, torment immunity, boosted hp, (hooves 1), (molten scales
1), foul stench 1, icemail 1, condensation shield
a: Renounce Religion, Berserk, Trog's Hand


You were on level 8 of the Dungeon.
You worshipped Trog.
Trog was most pleased with you.
You were a tree.
You visited 1 branch of the dungeon, and saw 6 of its levels.

You collected 298 gold pieces.

Inventory:

Hand Weapons
 a - a +0 spear
 s - a +0 trident
Armour
 b - a +0 animal skin
 k - a +0 helmet
 m - a +0 ring mail
 p - a +0 plate armour (melded)
 u - a +0 helmet
Jewellery
 l - a +6 ring of intelligence
Scrolls
 c - 2 scrolls of enchant armour {unknown}
 g - 5 scrolls of identify {unknown}
 h - a scroll of fog {unknown}
 i - a scroll of immolation {unknown}
 n - 2 scrolls of teleportation {unknown}
 o - a scroll of silence {unknown}
 t - a scroll of vulnerability {unknown}
 v - a scroll of blinking {unknown}
Potions
 e - a potion of mutation {unknown}
 f - a potion of lignification
 j - a potion of flight
 q - a potion of haste {unknown}
 r - a potion of might {unknown}


   Skills:
 - Level 6.0 Fighting
 - Level 8.0 Polearms
 + Level 2.1 Armour
 + Level 2.0 Dodging


You had 7 spell levels left.
You didn't know any spells.
Your spell library was empty.

Dungeon Overview and Level Annotations

Branches:
Dungeon (5/15)             Temple (0/1) D:5

Altars:
Gozag
Kikubaaqudgha
Ru
Vehumet
Xom


Innate Abilities, Weirdness & Mutations

You are a tree.
Your roots penetrate the ground, keeping you stationary.
You cannot be teleported.
You are immune to unholy pain and torment.
Your maximum health is greatly increased.
Your equipment is partially melded.
((You have large cloven feet.))
((You are partially covered in molten scales. (AC +2)))
You may rarely emit foul miasma when damaged in melee.
A meltable icy envelope protects you from harm. (AC +0)
A meltable shield of frost defends you. (SH +0)


Message History

The orc priest begins to cast a cantrip, but forgets the words!
The orc wizard hits you but does no damage.
You barely miss the orc priest.
The orc priest is severely wounded.
Something hits you but does no damage.
The orc priest hits you with a +0 hand axe.
* * * LOW HITPOINT WARNING * * *
The orc barely misses you.
The orc wizard hits you but does no damage.
Something hits you but does no damage.
You hit the orc priest but do no damage.
The orc priest is severely wounded.
The orc priest looks encouraged for a moment.
The orc hits you but does no damage.
The orc wizard hits you but does no damage.
Something hits you but does no damage.
The orc wizard gestures at you while chanting.
The puff of flame hits you but does no damage.
The orc priest hits you with a +0 hand axe.
* * * LOW HITPOINT WARNING * * *
The orc hits you but does no damage.
You hit the orc priest but do no damage.
The orc priest is severely wounded.
Something hits you but does no damage. The orc priest completely misses you.
The orc hits you from afar with a +0 trident.
* * * LOW HITPOINT WARNING * * *
The orc wizard hits you but does no damage.
Something hits you.
* * * LOW HITPOINT WARNING * * *
You hit the orc priest.
The orc priest is almost dead.
The orc priest hits you but does no damage.
The orc hits you from afar with a +0 trident.
* * * LOW HITPOINT WARNING * * *
The orc wizard hits you but does no damage.
Something hits you but does no damage. The orc completely misses you.
The orc wizard hits you but does no damage.
The orc priest invokes the aid of Beogh against you.
Beogh smites you!
You die...

.# # .###.# ##
#####.#...# ..$
###.......... ....
#......#..##.
.....#.#..........
.......#...#....#
#........#
###o♣{...##
#))o....#
#.o........
#..........
##.....####
.......# ..?.....#
?.....).#
..#......#


You could see an orc priest, an orc wizard and an orc.

Vanquished Creatures
  An acid dragon (D:8)
  A sky beast (D:5)
  2 ogres (D:5)
  A scorpion (D:5)
  A water moccasin zombie (D:5)
  2 howler monkeys (D:8)
  A hound (D:4)
  A jelly (D:5)
  An orc priest (D:5)
  A gnoll shaman (D:4)
  A bullfrog skeleton (D:4)
  2 iguanas (D:5)
  Ijyb (D:4)
  A scorpion zombie (D:3)
  An orc wizard (D:5)
  Terence (D:3)
  2 hound zombies (D:5)
  2 hound skeletons (D:4)
  8 adders
  7 gnolls (D:4)
  2 ufetubi
  An adder skeleton (D:4)
  A dart slug (D:3)
  A worm (D:2)
  12 orcs
  8 endoplasms
  3 giant cockroaches
  11 goblins
  4 hobgoblins
  10 jackals
  2 quokkas (D:2)
  5 ball pythons
  9 bats
  5 frilled lizards
  5 kobolds
  2 rats
119 creatures vanquished.

Notes
Turn   | Place    | Note
-------+----------+-------------------------------------------
     0 | D:1      | polve the Demonspawn Berserker began the quest for the Orb.
     0 | D:1      | Reached XP level 1. HP: 18/18 MP: 1/1
   218 | D:1      | Reached skill level 3 in Polearms
   256 | D:1      | Gained mutation: You may rarely emit foul miasma when
                  | damaged in melee. [demonic ancestry]
   256 | D:1      | Reached XP level 2. HP: 16/24 MP: 2/2
  1193 | D:2      | Gained mutation: A meltable shield of frost defends you.
                  | (SH +0) [demonic ancestry]
  1193 | D:2      | Reached XP level 3. HP: 29/29 MP: 3/3
  1196 | D:2      | Reached skill level 4 in Polearms
  1508 | D:2      | Reached ** piety under Trog
  1608 | D:2      | Found a radiant altar of Vehumet.
  1730 | D:2      | Reached XP level 4. HP: 35/35 MP: 4/4
  2186 | D:3      | Reached skill level 5 in Polearms
  2575 | D:3      | Gained mutation: You are partially covered in molten
                  | scales. (AC +2) [demonic ancestry]
  2575 | D:3      | Reached XP level 5. HP: 34/41 MP: 5/5
  2713 | D:3      | Noticed Terence
  2739 | D:3      | Killed Terence
  3022 | D:3      | Found a faded altar of an unknown god.
  3435 | D:4      | Reached skill level 6 in Polearms
  3552 | D:4      | Gained mutation: A meltable icy envelope protects you from
                  | harm. (AC +0) [demonic ancestry]
  3552 | D:4      | Reached XP level 6. HP: 47/47 MP: 6/6
  3692 | D:4      | Noticed Ijyb
  3723 | D:4      | Killed Ijyb
  3723 | D:4      | Reached *** piety under Trog
  3997 | D:4      | Found an ancient bone altar of Kikubaaqudgha.
  3997 | D:4      | Found a shimmering altar of Xom.
  4063 | D:4      | Found a radiant altar of Vehumet.
  4065 | D:4      | Found an opulent altar of Gozag.
  4067 | D:4      | Found a sacrificial altar of Ru.
  4381 | D:5      | Entered Level 5 of the Dungeon
  4387 | D:5      | Reached skill level 7 in Polearms
  4387 | D:5      | Reached XP level 7. HP: 52/52 MP: 7/7
  4515 | D:5      | Reached skill level 8 in Polearms
  4827 | D:5      | Found a staircase to the Ecumenical Temple.
  5082 | D:5      | Reached skill level 5 in Fighting
  5158 | D:5      | You fall into a shaft and drop 3 floors!
  5166 | D:8      | Gained mutation: You have large cloven feet. [demonic
                  | ancestry]
  5166 | D:8      | Reached XP level 8. HP: 63/63 MP: 8/8
  5202 | D:8      | Killed from afar by an orc priest

Illustrated notes

Levels and vault maps discovered:
D:1:      dpeg_arrival_stonehenge_12_columns, layout_loops_corners
D:2:      layout_rooms, basic_altar
D:3:      layout_rooms, shapermc_ecumenical_altar_hornbeckon, minmay_cut_off,
          uniq_terence
D:4:      layout_basic, chequers_temple_overflow_minitemple, uniq_ijyb
D:5:      layout_rooms, nicolae_tso_swordbearing_angel,
          minmay_temple_entry_stoned_glass
D:8:      layout_rooms, uniq_maggie

Skill      XL: |  1  2  3  4  5  6  7  8 |
---------------+-------------------------+-----
Polearms       | 3 4 5 6 7 8 |  8.0
Fighting       | 5 6 |  6.0
Armour         | 2 |  2.1
Dodging        | 2 |  2.0

Action                   |  1- 3 |  4- 6 |  7- 9 || total
-------------------------+-------+-------+-------++-------
Melee: Spear             |    94 |   172 |     1 ||   267
       Trident           |       |    79 |   129 ||   208
       Unarmed           |       |       |     9 ||     9
       Kick              |       |       |     2 ||     2
Invok: Berserk           |     3 |     7 |     4 ||    14
  Use: Potion            |       |       |     4 ||     4
Armor: Animal skin       |     8 |    18 |       ||    26
       Plate armour      |       |    74 |   115 ||   189
       Ring mail         |       |     3 |       ||     3
       Skin              |       |       |    57 ||    57
Dodge: Dodged            |    42 |    68 |    58 ||   168
Block: Other             |     4 |    18 |    30 ||    52

Table legend: (Time is in decaauts)
 A = Elapsed time spent in this place.
 B = Non-inter-level travel time spent in this place.
 C = Inter-level travel time spent in this place.
 D = Time resting spent in this place.
 E = Time spent auto-exploring this place.
 F = Levels seen in this place.
 G = Mean time per level.
                   A        B        C        D        E       F      G
               +--------+--------+--------+--------+--------+-----+--------+
         Total |   5267 |   5146 |    121 |     20 |   4284 |   6 |  877.8 |
       Dungeon |   5267 |   5146 |    121 |     20 |   4284 |   6 |  877.8 |
               +--------+--------+--------+--------+--------+-----+--------+

Top non-repeatable levels by time:
     D:1: 1184 daAuts
     D:3: 1183 daAuts
     D:4: 1072 daAuts
     D:2: 981 daAuts
     D:5: 805 daAuts
     D:8: 41 daAuts
